 Dungeon Crawl Stone Soup version 0.26.0-10-g1f06aea511 (webtiles) character file.

Game seed: 18191961937924001129

545 sanka the Firebug (level 7, -18/46 HPs)
             Began as a Vampire Fire Elementalist on Jan 16, 2021.
             Engulfed by a cloud of flame (27 damage)
             ... on level 4 of the Dungeon on Jan 17, 2021.
             The game lasted 00:07:42 (3638 turns).

sanka the Firebug (Vampire Fire Elementalist)       Turns: 3638, Time: 00:07:42

Health: -18/46     AC:  2    Str:  7    XL:     7   Next: 6%
Magic:  10/10      EV: 16    Int: 20    God:
Gold:   172        SH:  0    Dex: 14    Spells: 5/10 levels left

rFire    . . .     SeeInvis +   g - +2 flail (protect)
rCold    + . .     Faith    .   (no shield)
rNeg     . . .     Spirit   .   a - +0 robe
rPois    .         Reflect  .   (no helmet)
rElec    .         Harm     .   (no cloak)
rCorr    .         Rampage  .   (no gloves)
Will     .....                  (no boots)
Stlth    ++........             (no amulet)
HPRegen  0.35/turn              r - +4 ring of evasion
MPRegen  0.12/turn              l - ring of protection from cold

@: regenerating quickly
A: fangs 3, see invisible, unbreathing
a: Exsanguinate


You were on level 4 of the Dungeon.
You visited 1 branch of the dungeon, and saw 4 of its levels.

You collected 172 gold pieces.


Innate Abilities, Weirdness & Mutations

Your natural rate of healing is unusually fast.
You have razor-sharp teeth.
You have supernaturally acute eyesight. (SInv)
You can survive without breathing.


   Skills:
 - Level 2.1 Dodging
 - Level 3.0 Stealth
 - Level 2.0 Spellcasting
 + Level 3.1 Conjurations
 * Level 5.7 Fire Magic


You had 5 spell levels left.
You knew the following spells:

 Your Spells              Type           Power        Failure   Level
x - Sticky Flame          Conj/Fire      19%          26%         4
z - Foxfire               Conj/Fire      76%          2%          1

Your spell library contained the following spells:

 Spells                   Type           Power        Failure   Level
 Conjure Flame            Conj/Fire      19%          8%          3
 Inner Flame              Hex/Fire       13%          14%         3
 Fireball                 Conj/Fire      9%           56%         5

Inventory:

Hand Weapons
 g - a +2 flail of protection (weapon)
Armour
 a - a +0 robe (worn)
 n - a +0 cloak
Jewellery
 l - a ring of protection from cold (right hand)
 r - a +4 ring of evasion (left hand)
Wands
 o - a wand of flame (14)
Scrolls
 b - 3 scrolls of remove curse {unknown}
 d - 3 scrolls of identify {unknown}
 e - a scroll of enchant weapon {unknown}
 f - 4 scrolls of teleportation {unknown}
 h - a scroll of magic mapping {unknown}
 j - a scroll of enchant armour {unknown}
 q - a scroll of amnesia {unknown}
Potions
 c - 2 potions of mutation {unknown}
 i - 3 potions of heal wounds {unknown}
 k - 2 potions of magic {unknown}
 m - a potion of haste {unknown}
 p - a potion of curing {@q1}

Dungeon Overview and Level Annotations

Branches:
Dungeon (4/15)
 Temple: D:4-7

Altars:
Yredelemnul

Annotations:
D:2 1 runed translucent door, Crazy Yiuf

▒▒▒▒▒▒▒▒▒▒
▒▒........▒
▒...▒▒▒▒▒.▒ ▒#☼#▒
▒.▒▒▒▒▒▒▒▒▒▒
▒☼##▒
▒...........
▒°#V▒
▒▒▒.▒▒▒▒▒▒▒▒
▒l..▒▒▒▒▒ ▒.▒
°#.([..###.▒▒.▒
.☼##.:...#☼§..▒.▒
.§☼#(.£(.#§☼....▒
▒▒▒▒▒...▒▒▒▒▒▒▒.▒
▒☼#☼▒ .... ▒°#§▒
▒▒.▒▒▒ ▒.▒


You could see a leopard gecko.


Message History

r - a +4 ring of evasion Put ring on which hand? (Esc to cancel) < - no ring (left) > or
l - a ring of protection from cold (right)
r - a +4 ring of evasion (left hand) Search for what [Enter for "."]? .
Things that are here:
a +0 short sword; an orc corpse
Found 23 stones.
Found 18 gold pieces and a bronze chain mail.
Item here: a bronze chain mail.
The floor.
A leopard gecko comes into view.
Found 21 bolts and a papyrus book.
Really walk into a travel-excluded area?
Okay, then.
Really walk into a travel-excluded area?
Okay, then.
Really walk into a travel-excluded area?
Found 18 stones.
You are engulfed in blazing flames.
The leopard gecko hisses angrily.
Unknown command.
You are engulfed in blazing flames.
* * * LOW HITPOINT WARNING * * *
Found 7 gold pieces.
Unknown command.
You are engulfed in blazing flames.
Ouch! That really hurt!
You die...

Action                   |  1- 3 |  4- 6 |  7- 9 || total
-------------------------+-------+-------+-------++-------
Melee: Unarmed           |    10 |       |       ||    10
       Bite              |     2 |     1 |       ||     3
       Flail             |       |    24 |       ||    24
 Cast: Foxfire           |    66 |    87 |     7 ||   160
       Sticky Flame      |       |     1 |       ||     1
 Stab: Sleeping          |     1 |       |       ||     1
Armor: Robe              |     5 |    19 |       ||    24
Dodge: Dodged            |    22 |    44 |       ||    66

Levels and vault maps discovered:
D:1:      psy_arrival_dodecagon, layout_basic
D:2:      layout_basic, uniq_crazy_yiuf_cottage
D:3:      layout_rooms, marbit_many_paths, grunt_decor_cap, st_stairs_1,
          uniq_natasha
D:4:      layout_loops_ring, nicolae_gozag_zags_fifth_avenue, serial_shops,
          shop, shop, lemuel_flame_loot_1, uniq_grinder

Notes
Turn   | Place    | Note
-------+----------+-------------------------------------------
     0 | D:1      | sanka the Vampire Fire Elementalist began the quest for the
                  | Orb.
     0 | D:1      | Reached XP level 1. HP: 13/13 MP: 3/3
   183 | D:1      | Reached skill level 1 in Conjurations
   183 | D:1      | Reached XP level 2. HP: 13/19 MP: 5/5
   402 | D:1      | Reached skill level 3 in Fire Magic
   835 | D:1      | Reached XP level 3. HP: 24/24 MP: 2/6
  1425 | D:2      | Reached XP level 4. HP: 30/30 MP: 0/7
  1491 | D:2      | Learned a level 4 spell: Sticky Flame
  1935 | D:2      | Found a runed translucent door.
  1936 | D:2      | Noticed Crazy Yiuf
  2024 | D:3      | Reached skill level 4 in Fire Magic
  2104 | D:3      | Noticed Natasha
  2113 | D:3      | Killed Natasha
  2114 | D:3      | Reached skill level 2 in Conjurations
  2114 | D:3      | Reached XP level 5. HP: 35/35 MP: 1/8
  2126 | D:3      | Noticed Natasha
  2135 | D:3      | Killed Natasha
  2155 | D:3      | Noticed Natasha
  2165 | D:3      | Killed Natasha
  2370 | D:3      | Found a basalt altar of Yredelemnul.
  3219 | D:4      | Reached XP level 6. HP: 41/41 MP: 5/9
  3336 | D:4      | Noticed Grinder
  3345 | D:4      | Killed Grinder
  3346 | D:4      | Reached skill level 3 in Conjurations
  3346 | D:4      | Reached skill level 5 in Fire Magic
  3461 | D:4      | Reached XP level 7. HP: 23/46 MP: 5/10
  3638 | D:4      | Engulfed by a cloud of flame

Vanquished Creatures
  Grinder (D:4)
  A howler monkey (D:2)
  An orc priest (D:4)
  Natasha (thrice) (D:3)
  An orc wizard (D:4)
  2 worker ants (D:4)
  2 adders
  3 gnolls (D:4)
  2 worms (D:3)
  A dart slug (D:2)
  6 leopard geckos
  4 orcs
  2 ball pythons
  10 bats
  3 giant cockroaches
  7 hobgoblins
  5 jackals
  10 kobolds
  A quokka (D:4)
  A ball python skeleton (D:4)
  5 frilled lizards
  8 goblins
  6 rats
85 creatures vanquished.

Vanquished Creatures (others)
  275 foxfires
275 creatures vanquished.

Grand Total: 360 creatures vanquished

Table legend: (Time is in decaauts)
 A = Elapsed time spent in this place.
 B = Non-inter-level travel time spent in this place.
 C = Inter-level travel time spent in this place.
 D = Time resting spent in this place.
 E = Time spent auto-exploring this place.
 F = Levels seen in this place.
 G = Mean time per level.
                   A        B        C        D        E       F      G
               +--------+--------+--------+--------+--------+-----+--------+
         Total |   3646 |   3552 |     94 |   1513 |   1350 |   4 |  911.5 |
       Dungeon |   3646 |   3552 |     94 |   1513 |   1350 |   4 |  911.5 |
               +--------+--------+--------+--------+--------+-----+--------+

Top non-repeatable levels by time:
     D:1: 987 daAuts
     D:2: 974 daAuts
     D:3: 919 daAuts
     D:4: 765 daAuts
